 Dungeon Crawl Stone Soup version 0.31.0-9-g3a7656b989 (webtiles) character file.

Game seed: 9679976920873227739

1156 Baz the Magician (level 8, -5/58 HPs)
             Began as a Djinni Ice Elementalist on Jan 29, 2024.
             Slain by Menkaure (19 damage)
             ... on level 5 of the Dungeon.
             The game lasted 00:10:56 (6332 turns).

Baz the Magician (Djinni Ice Elementalist)          Turns: 6332, Time: 00:10:56

Health: -5/58      AC:  3    Str:  7    XL:     8   Next: 66%
Gold:   209        EV: 19    Int: 18    God:
                   SH:  0    Dex: 15

rFire   + + +        c - staff of fire
rCold   x . .        (no shield)
rNeg    . . .        a - +1 robe
rPois   ∞            (no helmet)
rElec   .            (no cloak)
rCorr   .            (no gloves)
SInv    .            (boots unavailable)
Will    .....        (no amulet)
Stlth   ++           e - +5 ring of evasion
HPRegen 0.29/turn    (no ring)
MPRegen 0.00/turn

%: infuse magic (-6 HP)
@: brilliant, flying
A: sickness immunity, fire resistance 2, cold vulnerability 1, float, innate
caster, HP casting, extra vitality 1
a: no special abilities


You were on level 5 of the Dungeon.
You visited 1 branch of the dungeon, and saw 5 of its levels.
You also visited: Ossuary.

You collected 209 gold pieces.

Inventory:

Armour
 a - a +1 robe (worn)
Magical Staves
 c - a staff of fire (weapon)
 i - a staff of death
Jewellery
 e - a +5 ring of evasion (left hand)
Scrolls
 b - 2 scrolls of noise
 f - a scroll of revelation
 g - a scroll of fog
 l - 3 scrolls of identify
 n - a scroll of teleportation {unknown}
 o - a scroll of poison {unknown}
 q - a scroll of immolation
 s - a scroll of enchant armour
 x - a scroll of blinking {unknown}
 y - a scroll of torment {unknown}
Potions
 d - 4 potions of heal wounds {unknown}
 h - 2 potions of curing
 j - a potion of brilliance
 m - a potion of haste {unknown}
 p - 2 potions of might {unknown}
 r - a potion of attraction {unknown}
 t - a potion of magic {unknown}
 u - 2 potions of enlightenment {unknown}
 v - a potion of degeneration {unknown}
 w - a potion of mutation {unknown}
 z - a potion of lignification {unknown}


   Skills:
 + Level 4.7 Fighting
 + Level 5.8 Dodging
 - Level 1.5 Stealth
 * Level 6.3 Spellcasting
 * Level 6.3 Conjurations
 * Level 6.3 Hexes
 * Level 6.3 Summonings
 * Level 6.3 Necromancy
 * Level 6.3 Translocations
 * Level 6.3 Fire Magic
 * Level 6.3 Ice Magic
 * Level 6.3 Air Magic
 * Level 6.3 Earth Magic
 * Level 6.3 Alchemy


You knew the following spells:

 Your Spells              Type           Power      Damage    Failure   Level
a - Freeze                Ice            100%       1d10      1%          1
b - Frozen Ramparts       Ice            84%        1d13      2%          3
c - Ozocubu's Armour      Ice            42%        N/A       2%          3
d - Summon Ice Beast      Ice/Summ       42%        N/A       2%          3
e - Sting                 Conj/Alch      100%       1d9       1%          1
f - Blink                 Tloc           84%        N/A       1%          2
g - Static Discharge      Conj/Air       84%        3-7/arc   1%          2
Your spell library was empty.

Dungeon Overview and Level Annotations

Branches:
Dungeon (5/15)            Ossuary (visited)
 Temple: D:4-7

Altars:
Elyvilon
Uskayaw
Wu Jian

Annotations:
D:4 2 transporters, Prykner's ghost, amateur FoFi
D:5 Menkaure


Innate Abilities, Weirdness & Mutations

You are immune to sickness and miasma.
You are immune to poison.
Your flesh is very heat resistant. (rF++)
You are vulnerable to cold. (rC-)
You float through the air rather than walking.
You learn spells naturally, not from books.
Your magical power is your life essence.
You have superior vitality. (+4 MHP)


Message History

The ribbon worm expels a string of sticky webbing.
The stream of webbing misses you.
Your ice beast hits the ribbon worm.
Your ice beast freezes the ribbon worm!
Menkaure mumbles some strange words.
Menkaure seems to speed up.
Your ice beast hits the ribbon worm.
Your ice beast freezes the ribbon worm!
The ribbon worm dies!
There is an open door here.
As you read the scroll labelled YBAWON MALAO, it crumbles to dust.
It is a scroll of identify.
b - 2 scrolls of noise
As you read the scroll labelled GIREUT YP XYC, it crumbles to dust.
You feel aware of your surroundings.
It was a scroll of revelation.
As you read the scroll labelled MEDDAUJOCA, it dissolves into smoke.
It was a scroll of fog.
Something hits your ice beast! Something barely misses your ice beast.
As you read the scroll labelled QUFEUT RIARPH, it crumbles to dust.
The air around you briefly surges with heat, but it dissipates.
It was a scroll of immolation.
As you read the scroll labelled FAKO EGHAPPUPT, it crumbles to dust.
It is a scroll of enchant armour.
Your +0 robe glows green for a moment.
As you read the scroll labelled ENTOERY LOBEKO, it crumbles to dust.
It is a scroll of enchant weapon.
You aren't carrying any weapons that can be enchanted.
Okay, then.
Unknown command.
It was a potion of curing.
You feel better.
Menkaure calls on the powers of darkness!
Your body is wracked with pain!
* * * LOW HITPOINT WARNING * * *
Menkaure points at you and mumbles some strange words.
Pain shoots through your body!
* * * LOW HITPOINT WARNING * * *
Unknown command.
You feel better. Menkaure closely misses you.
It was a potion of brilliance.
You feel clever all of a sudden. Menkaure hits you!!
You die...

.......#....############.###.#.##
.......#....############.###.#.##
.......####............#....<....
.†......<.#............###.......
.########.#.†..........* #.......
.# #.#....§§§.....* #.....## ##*
##...M§§§§§.....* #.....##
,,*###*#.....##M############'##..
,,+....#+##...§§@....###......+..
,,*#..........§§.....###.###.##..
***#.................###'###.....
***#........###+######....##.....
,,,.....###.###.######....###.###
,,,.....###.###.#####.....# *...,
,,,....,###.###.#####.....# *..#*
,,,,..,,###.###.# #.....# *..#
,,,,,,,,#.......# #.##'## *..#


You could see Menkaure (fast).

Vanquished Creatures
  A black bear (D:4)
  An ice beast (D:5)
  A centaur (D:5)
  A phantom (D:5)
  An elf zombie (Ossuary)
  An orc priest (D:3)
  3 hounds (D:4)
  A jelly (D:4)
  2 human zombies (Ossuary)
  Jessica (D:2)
  An iguana (D:5)
  An orc wizard (D:5)
  4 hound zombies (Ossuary)
  A mummy (Ossuary)
  3 gnolls (D:3)
  6 adders
  2 white imps (D:5)
  6 adder zombies (Ossuary)
  A dart slug (D:4)
  2 ribbon worms
  6 orcs
  8 endoplasms
  4 giant cockroaches
  7 goblins
  8 hobgoblins
  6 jackals (D:4)
  7 kobolds
  6 quokkas
  7 ball pythons
  4 ball python zombies (Ossuary)
  4 bats
  5 frilled lizards
  A gnoll zombie (Ossuary)
  4 jackal zombies (Ossuary)
  2 kobold zombies (Ossuary)
  4 rats
123 creatures vanquished.

Vanquished Creatures (collateral kills)
  An elf zombie (Ossuary)
  A burial acolyte (Ossuary)
  A crocodile zombie (Ossuary)
  2 mummies (Ossuary)
  A hound zombie (Ossuary)
  A ribbon worm (D:5)
  An orc zombie (Ossuary)
8 creatures vanquished.

Grand Total: 131 creatures vanquished

Notes
Turn   | Place    | Note
-------+----------+-------------------------------------------
     0 | D:1      | Baz the Djinni Ice Elementalist began the quest for the
                  | Orb.
     0 | D:1      | Baz set off with the following spells memorised: Freeze,
                  | Frozen Ramparts, Ozocubu's Armour, Summon Ice Beast.
     0 | D:1      | Reached XP level 1. HP: 15/15 MP: 0/0
   107 | D:1      | Reached XP level 2. HP: 21/22 MP: 0/0
   410 | D:1      | Reached skill level 1 in Fighting
   410 | D:1      | Reached XP level 3. HP: 24/27 MP: 0/0
   410 | D:1      | Learned a level 1 spell: Sting
   779 | D:2      | Noticed Jessica
   786 | D:2      | Killed Jessica
   787 | D:2      | Reached XP level 4. HP: 27/32 MP: 0/0
  1045 | D:2      | Reached XP level 5. HP: 32/38 MP: 0/0
  1045 | D:2      | Learned a level 2 spell: Blink
  1072 | D:2      | Found an ornate altar of the Wu Jian Council.
  1823 | D:3      | Noticed a +0 short sword
  1823 | D:3      | Noticed a +0 falchion
  1823 | D:3      | Noticed a +0 dagger
  1826 | D:3      | Noticed a +0 spear
  1831 | D:3      | Noticed a +0 dagger
  1834 | D:3      | Noticed a +0 short sword
  1834 | D:3      | Noticed a +0 falchion
  1835 | D:3      | Noticed a +0 spear
  1836 | D:3      | Found a hide-covered altar of Uskayaw.
  2646 | D:4      | Reached XP level 6. HP: 39/45 MP: 0/0
  2967 | D:4      | Found a white marble altar of Elyvilon.
  3004 | D:4      | Found a transporter.
  3007 | D:4      | Noticed Prykner's ghost (amateur FoFi)
  3024 | D:4      | Found a transporter.
  3380 | D:4      | Noticed a black bear
  3394 | D:4      | Reached skill level 5 in Spellcasting
  3394 | D:4      | Reached skill level 5 in Conjurations
  3394 | D:4      | Reached skill level 5 in Hexes
  3394 | D:4      | Reached skill level 5 in Summonings
  3394 | D:4      | Reached skill level 5 in Necromancy
  3394 | D:4      | Reached skill level 5 in Translocations
  3394 | D:4      | Reached skill level 5 in Fire Magic
  3394 | D:4      | Reached skill level 5 in Ice Magic
  3394 | D:4      | Reached skill level 5 in Air Magic
  3394 | D:4      | Reached skill level 5 in Earth Magic
  3394 | D:4      | Reached skill level 5 in Alchemy
  3398 | D:4      | Killed a black bear
  3399 | D:4      | Reached XP level 7. HP: 17/50 MP: 0/0
  3399 | D:4      | Learned a level 2 spell: Static Discharge
  3775 | D:5      | Entered Level 5 of the Dungeon
  3829 | D:5      | Found a sand-covered staircase.
  3834 | Ossuary  | Entered an ossuary
  3876 | Ossuary  | HP: 2/50 [adder zombie (1)]
  4546 | Ossuary  | Reached skill level 5 in Dodging
  4682 | Ossuary  | Reached XP level 8. HP: 37/58 MP: 0/0
  6302 | D:5      | Noticed Menkaure
  6332 | D:5      | Slain by Menkaure

Illustrated notes

Levels and vault maps discovered:
D:1:      dpeg_arrival_arbitrary_b, layout_basic, minmay_hedge_maze
D:2:      layout_basic, basic_altar, uniq_jessica
D:3:      layout_basic, nicolae_uskayaw_en_pointe, hangedman_decor_lopped
D:4:      layout_layer_cave, mainiacjoe_overflow_concentric_impassable,
          gammafunk_ghost_stat_death, grunt_ministairs_6
D:5:      layout_basic, nicolae_ossuary_entry_plus, uniq_menkaure

Skill      XL: |  1  2  3  4  5  6  7  8 |
---------------+-------------------------+-----
Fighting       | 1 2 3 4 |  4.7
Spellcasting   | 4 5 6 |  6.3
Conjurations   | 4 5 6 |  6.3
Hexes          | 4 5 6 |  6.3
Summonings     | 4 5 6 |  6.3
Necromancy     | 4 5 6 |  6.3
Translocations | 4 5 6 |  6.3
Fire Magic     | 4 5 6 |  6.3
Ice Magic      | 4 5 6 |  6.3
Air Magic      | 4 5 6 |  6.3
Earth Magic    | 4 5 6 |  6.3
Alchemy        | 4 5 6 |  6.3
Dodging        | 3 4 5 |  5.8
Stealth        | |  1.5

Action                     |  1- 3 |  4- 6 |  7- 9 || total
---------------------------+-------+-------+-------++-------
  Melee: Staff             |     7 |    13 |    21 ||    41
   Cast: Freeze            |    47 |    80 |       ||   127
         Sting             |     7 |     2 |       ||     9
         Frozen Ramparts   |       |     6 |     2 ||     8
         Ozocubu's Armour  |       |     2 |     1 ||     3
         Static Discharge  |       |       |    84 ||    84
         Summon Ice Beast  |       |       |     8 ||     8
    Use: Scroll            |       |       |     6 ||     6
         Potion            |       |       |     3 ||     3
   Stab: Sleeping          |       |     1 |       ||     1
 Armour: Robe              |    18 |    32 |   152 ||   202
  Dodge: Dodged            |    42 |    92 |   102 ||   236
